 Dungeon Crawl Stone Soup version 0.27-a0-385-g3208aba (webtiles) character file.

Game seed: 4575135814908487931

3229 MrTaco21 the Basher (level 9, -2/55 HPs)
             Began as a Gargoyle Fighter on Feb 18, 2021.
             Was an Initiate of Gozag.
             Slain by a centaur warrior
             ... wielding a staff of earth
              (7 damage)
             ... on level 7 of the Dungeon.
             The game lasted 00:09:31 (6549 turns).

MrTaco21 the Basher (Gargoyle Fighter)              Turns: 6549, Time: 00:09:31

Health: -2/55      AC: 12    Str: 23    XL:     9   Next: 98%
Magic:  9/9        EV:  9    Int:  9    God:    Gozag
Gold:   361        SH: 10    Dex:  9    Spells: 8/8 levels left

rFire    . . .     SeeInvis .   D - +11 whip of Dudihuv {pain, rPois}
rCold    . . .     Faith    +   c - +0 kite shield
rNeg     + . .     Spirit   .   v - +0 troll leather armour {Purgy}
rPois    ∞         Reflect  .   l - +0 hat
rElec    +         Harm     .   (no cloak)
rCorr    +         Rampage  .   u - +0 pair of gloves
Will     .....                  (no boots)
Stlth    +.........             h - amulet of faith {!P}
HPRegen  1.18/turn              A - ring of flight
MPRegen  0.11/turn              E - ring of resist corrosion

@: gold aura
A: negative energy resistance 1, electricity resistance, unbreathing,
petrification resistance, miasma immunity, AC +6
a: Renounce Religion, Evoke Flight, Potion Petition, Call Merchant, Bribe Branch


You were on level 7 of the Dungeon.
You worshipped Gozag.
Gozag was aware of your devotion.
You visited 2 branches of the dungeon, and saw 8 of its levels.
You also visited: Sewer.

You collected 454 gold pieces.
You paid 93 gold pieces to Gozag.

Inventory:

Hand Weapons
 D - the +11 whip of Dudihuv (weapon) {pain, rPois}
   (You found it on level 6 of the Dungeon)

   In the hands of one skilled in necromantic magic, it inflicts extra damage on
   living creatures.
   It protects you from poison.
Missiles
 t - 37 poisoned darts (quivered)
Armour
 c - a +0 kite shield (worn)
 j - a +0 plate armour
   (You found it on level 1 of the Dungeon)
 l - a +0 hat (worn)
   (You found it on level 2 of the Dungeon)
 u - a +0 pair of gloves (worn)
   (You found it on level 4 of the Dungeon)
 v - a +0 troll leather armour (worn) {Purgy}
   (You found it in a sewer)
Jewellery
 h - an amulet of faith (around neck) {!P}
   (You found it on level 1 of the Dungeon)
 A - a ring of flight (left hand)
   (You found it on level 4 of the Dungeon)
 E - a ring of resist corrosion (right hand)
   (You found it on level 6 of the Dungeon)
Scrolls
 a - a scroll of blinking {unknown}
 f - 2 scrolls of fear {unknown}
 o - 2 scrolls of enchant weapon {unknown}
 p - 3 scrolls of magic mapping
 w - 2 scrolls of teleportation {@r4}
 y - 2 scrolls of fog {unknown}
 z - 3 scrolls of immolation {!r}
 C - a scroll of random uselessness {unknown}
Potions
 d - 4 potions of might
 e - a potion of berserk rage {unknown}
 g - 3 potions of heal wounds {@q2}
 k - 3 potions of flight
 m - a potion of cancellation {unknown}
 n - a potion of curing {unknown}
 q - a potion of mutation {unknown}
 r - 2 potions of ambrosia
 s - a potion of haste {unknown}
 B - a potion of degeneration {unknown}


   Skills:
 + Level 6.0 Fighting
 - Level 12.0 Maces & Flails
 - Level 3.2 Armour
 + Level 6.0 Shields


You had 8 spell levels left.
You didn't know any spells.
Your spell library contained the following spells:

 Spells                   Type           Power        Failure   Level
 Beastly Appendage        Tmut           0%           83%         1
 Corona                   Hex            0%           83%         1
 Sting                    Tmut/Pois      0%           83%         1
 Ensorcelled Hibernation  Hex/Ice        0%           92%         2
 Poisonous Vapours        Pois/Air       0%           92%         2
 Wereblood                Tmut           0%           92%         2
 Confusing Touch          Hex            0%           99%         3
 Dazzling Flash           Conj/Hex       0%           99%         3
 Ignite Poison            Fire/Tmut/Pois 0%           99%         3
 Mephitic Cloud           Conj/Pois/Air  0%           99%         3
 Spider Form              Tmut/Pois      0%           99%         3
 Tukima's Dance           Hex            0%           99%         3
 Ice Form                 Ice/Tmut       0%           100%        4
 Olgreb's Toxic Radiance  Pois           0%           100%        4
 Blade Hands              Tmut           0%           100%        5


Dungeon Overview and Level Annotations

Branches:
Dungeon (7/15)             Temple (1/1) D:7           Sewer (visited)

Altars:
Ashenzari
Cheibriados
Dithmenos
Elyvilon
Fedhas
Gozag
Hepliaklqana
Kikubaaqudgha
Makhleb
Okawaru
Qazlal
Ru
Sif Muna
Trog
Uskayaw
Vehumet
Wu Jian
Xom
Yredelemnul
Zin
The Shining One

Shops:
D:7 [

Annotations:
D:7 1 runed translucent door


Innate Abilities, Weirdness & Mutations

You are resistant to torment.
Your stone body is resilient. (AC +6)
You are immune to poison.
You resist negative energy. (rN+)
You are resistant to electric shocks. (rElec)
You can survive without breathing.
You are immune to petrification.
You are immune to miasma.


Message History

You barely miss the two-headed ogre.
The centaur warrior hits you with a staff of earth.
* * * LOW HITPOINT WARNING * * *
You whack the two-headed ogre!
The centaur warrior hits you but does no damage.
The two-headed ogre becomes distracted by the nearby gold, dreaming of imaginary riches.
The two-headed ogre shouts in stereo!
Unknown command.
You barely miss the two-headed ogre.
The two-headed ogre is no longer distracted by gold.
The centaur warrior barely misses you.
Unknown command.
You whack the two-headed ogre!
The two-headed ogre becomes distracted by the nearby gold, dreaming of imaginary riches.
You block the centaur warrior's attack.
Unknown command.
You hit the two-headed ogre but do no damage.
The two-headed ogre is no longer distracted by gold.
The two-headed ogre hits you but does no damage. x2
The centaur warrior hits you but does no damage.
Unknown command.
You whack the two-headed ogre!
Unknown command.
You barely miss the two-headed ogre.
The centaur warrior hits you with a staff of earth!
* * * LOW HITPOINT WARNING * * *
The two-headed ogre hits you with a +0 dire flail.
* * * LOW HITPOINT WARNING * * *
You block the two-headed ogre's attack.
You whack the two-headed ogre!
The centaur warrior becomes distracted by the nearby gold, dreaming of imaginary riches.
Unknown command.
You completely miss the two-headed ogre.
The centaur warrior shouts!
The centaur warrior is no longer distracted by gold.
You block the centaur warrior's attack.
The two-headed ogre hits you but does no damage.
The two-headed ogre hits you with a +0 giant club!
* * * LOW HITPOINT WARNING * * *
Unknown command.
You whack the two-headed ogre!
The centaur warrior hits you but does no damage.
The two-headed ogre hits you with a +0 dire flail!
* * * LOW HITPOINT WARNING * * *
The two-headed ogre barely misses you.
You whack the two-headed ogre!
You kill the two-headed ogre!
The centaur warrior hits you with a staff of earth!
You die...
Your body crumbles into a pile of gold.

....#.....+.......#.#.#.##.#l#.##
....##...##......###.#..##.#+#.#.
....##...######..#.##.##.##...##.
######..........###.#.#..##...#..
.....#.)........#..#.#.#.###.##
.....########..##.#.#..#..##.#
...............#'#'#######'#'#
......<........#$##.........##
..............##@##.###.###.#
..............#$c$###.....###
###....#####.##...##).....)# #
..#....# #..#.=##.##..#..## .
..'....####.##.[ .##..#..# .
.+#....##...#### ####...## .
....#####..## #...# #...#......#
##.##....... #.^.+......#
#.#........


You could see a centaur warrior.

Vanquished Creatures
  A two-headed ogre (D:7)
  Sigmund (D:6)
  A wyvern (D:7)
  2 yaks (D:7)
  A sky beast (D:6)
  Purgy (Sewer)
  A black bear (D:6)
  An orc warrior (D:6)
  2 ice beasts
  3 ogres
  2 centaurs
  A necrophage (D:5)
  2 phantoms
  3 bullfrogs
  A wyvern skeleton (D:7)
  2 scorpions
  2 hounds
  3 jellies
  3 orc priests (D:4)
  6 iguanas
  2 bullfrog skeletons (D:7)
  4 orc wizards
  10 worker ants
  A howler monkey zombie (D:5)
  12 adders
  4 white imps
  An ufetubus (D:6)
  An adder zombie (D:5)
  6 worms
  3 dart slugs
  2 leopard geckos
  20 orcs
  8 giant cockroaches
  3 goblins
  8 hobgoblins
  10 jackals
  12 kobolds
  7 quokkas
  5 ball pythons
  6 bats
  8 frilled lizards
  A jackal skeleton (D:4)
  A quokka skeleton (D:5)
  A quokka zombie (D:7)
  6 rats
181 creatures vanquished.

Vanquished Creatures (others)
  An orc wizard (D:6)
1 creature vanquished.

Grand Total: 182 creatures vanquished

Notes
Turn   | Place    | Note
-------+----------+-------------------------------------------
     0 | D:1      | MrTaco21 the Gargoyle Fighter began the quest for the Orb.
     0 | D:1      | Reached XP level 1. HP: 14/14 MP: 1/1
   229 | D:1      | Reached XP level 2. HP: 17/19 MP: 2/2
   413 | D:1      | Reached skill level 3 in Maces & Flails
  1058 | D:2      | Reached XP level 3. HP: 23/23 MP: 3/3
  1161 | D:2      | Found a faded altar of an unknown god.
  1202 | D:2      | Found a broken altar of Ashenzari.
  1399 | D:2      | Reached skill level 4 in Maces & Flails
  1430 | D:2      | Reached XP level 4. HP: 17/28 MP: 4/4
  2235 | D:3      | Reached skill level 5 in Maces & Flails
  2235 | D:3      | Reached XP level 5. HP: 26/32 MP: 5/5
  2522 | D:3      | You fall into a shaft and drop 1 floor!
  2785 | D:4      | Reached skill level 6 in Maces & Flails
  2843 | D:4      | Found a glowing drain.
  2859 | D:4      | Reached XP level 6. HP: 33/37 MP: 6/6
  2907 | Sewer    | Entered a sewer
  2944 | Sewer    | Noticed Purgy
  2970 | Sewer    | Killed Purgy
  3318 | D:4      | Reached skill level 7 in Maces & Flails
  3347 | D:4      | Reached XP level 7. HP: 41/41 MP: 7/7
  3600 | D:4      | Found a basalt altar of Yredelemnul.
  3625 | D:4      | Reached skill level 8 in Maces & Flails
  3636 | D:4      | Noticed a profane servitor
  3678 | D:4      | Found a glowing golden altar of the Shining One.
  3680 | D:4      | Noticed an angel
  3959 | D:5      | Entered Level 5 of the Dungeon
  4023 | D:5      | Reached skill level 9 in Maces & Flails
  4023 | D:5      | Reached XP level 8. HP: 46/46 MP: 8/8
  4165 | D:5      | HP: 2/46 [ice beast (12)]
  4473 | D:6      | Reached skill level 10 in Maces & Flails
  4488 | D:6      | Noticed Sigmund
  4665 | D:6      | Killed Sigmund
  4718 | D:6      | Got a transparent whip
  4772 | D:6      | Reached skill level 11 in Maces & Flails
  4790 | D:6      | Reached XP level 9. HP: 33/51 MP: 9/9
  5416 | D:6      | Identified the +11 whip of Dudihuv {pain, rPois} (You found
                  | it on level 6 of the Dungeon)
  5482 | D:7      | Found a staircase to the Ecumenical Temple.
  5517 | Temple   | Entered the Ecumenical Temple
  5846 | Temple   | Became a worshipper of Gozag Ym Sagoz the Greedy
  5911 | D:7      | Reached skill level 12 in Maces & Flails
  6085 | D:7      | Found Kait's Antique Armour Shoppe.
  6253 | D:7      | Noticed a hornet
  6257 | D:7      | Found a runed translucent door.
  6509 | D:7      | Reached skill level 5 in Fighting
  6509 | D:7      | Reached skill level 5 in Shields
  6516 | D:7      | Identified the ring "Ecaoc" {*Drain rElec rF- Str+8 Int+6}
  6516 | D:7      | Noticed a centaur warrior
  6519 | D:7      | Noticed a two-headed ogre
  6520 | D:7      | Identified the amulet of Ywilo {Regen+ Dex+6}
  6549 | D:7      | Killed a two-headed ogre
  6549 | D:7      | Slain by a centaur warrior

Illustrated notes

Levels and vault maps discovered:
D:1:      mrwooster_arrival_arrow, layout_loops_ring,
          hangedman_abyss_or_decor_stabs, minmay_pentomino_o4
D:2:      minmay_skewed_foursquare, layout_rooms, marbit_many_paths,
          chequers_ecumenical_altar_simple, nrook_campfire
D:3:      layout_rooms
D:4:      layout_basic, grunt_temple_overflow_holy_war, gup_sewer_entry_glass
D:5:      layout_rooms, grunt_dithmenos_shadows
D:6:      layout_rooms, uniq_sigmund
D:7:      minmay_the_grid_triangle_9x9_rhombus_thin
          [minmay_the_grid_triangle_9x9_dagger,
          minmay_the_grid_triangle_9x9_prize_schism,
          minmay_the_grid_triangle_9x9_subtriangle,
          minmay_the_grid_triangle_9x9_corruption], layout_gridville,
          minmay_temple_entry_arrows, serial_shops, nicolae_shop_statue_plus
Temple:   dpeg_five_rooms_temple

Skill      XL: |  1  2  3  4  5  6  7  8  9 |
---------------+----------------------------+-----
Maces & Flails | 3 4 5 6 7 9 11 12 | 12.0
Fighting       | 6 |  6.0
Shields        | 6 |  6.0
Armour         | |  3.2

Action                   |  1- 3 |  4- 6 |  7- 9 || total
-------------------------+-------+-------+-------++-------
Melee: Flail             |   140 |   230 |    30 ||   400
       Whip              |       |       |   591 ||   591
Throw: Dart              |       |       |    11 ||    11
  Use: Scroll            |       |       |     7 ||     7
Armor: Scale mail        |    85 |   160 |       ||   245
       Troll leather arm |       |     2 |   207 ||   209
Dodge: Dodged            |    51 |   104 |   164 ||   319
Block: Kite shield       |    74 |   164 |   231 ||   469

Table legend: (Time is in decaauts)
 A = Elapsed time spent in this place.
 B = Non-inter-level travel time spent in this place.
 C = Inter-level travel time spent in this place.
 D = Time resting spent in this place.
 E = Time spent auto-exploring this place.
 F = Levels seen in this place.
 G = Mean time per level.
                   A        B        C        D        E       F      G
               +--------+--------+--------+--------+--------+-----+--------+
         Total |   6636 |   6145 |    491 |    771 |   3694 |   9 |  737.3 |
       Dungeon |   5867 |   5487 |    380 |    627 |   3293 |   7 |  838.1 |
        Temple |    378 |    267 |    111 |      0 |    262 |   1 |  378.0 |
         Sewer |    390 |    390 |      0 |    144 |    139 |   1 |  390.0 |
               +--------+--------+--------+--------+--------+-----+--------+

Top non-repeatable levels by time:
     D:1: 1072 daAuts
     D:4: 928 daAuts
     D:2: 884 daAuts
     D:3: 874 daAuts
     D:6: 848 daAuts
     D:7: 679 daAuts
     D:5: 579 daAuts
   Sewer: 390 daAuts
  Temple: 378 daAuts
